 Dungeon Crawl Stone Soup version 0.32-a0-656-g3542139ebd (webtiles) character file.

Game seed: 2564934770118804523

389 ytrimaz the Ruffian (level 6, -6/34 HPs)
             Began as an Octopode Shapeshifter on Mar 8, 2024.
             Mangled by a phantom (7 damage)
             ... on level 5 of the Dungeon.
             The game lasted 00:03:21 (3607 turns).

ytrimaz the Ruffian (Octopode Shapeshifter)         Turns: 3607, Time: 00:03:22

Health: -6/34      AC:  1    Str: 12 (13) XL:     6   Next: 79%
Magic:  6/6        EV: 14    Int: 14 (15) God:
Gold:   123        SH:  0    Dex: 11      Spells: 5/5 levels left

rFire   . .          .
                       - Unarmed
rCold   . . .        (no shield)
rNeg    . . .        (helmet currently unavailable)
rPois   .            (no amulet)
rElec   .            d - ring of resist corrosion
rCorr   +            (no ring)
SInv    .            (no ring)
Will    .....        (no ring)
Stlth   ++           (no ring)
HPRegen 0.25/turn    (no ring)
MPRegen 0.10/turn    (no ring)
                     (no ring)

%: no passive effects
@: beast-form
A: beast (slay +2), almost no armour, amphibious, 8 rings, camouflage 1,
gelatinous body 1, (nimble swimmer 1), tentacles, frail 1
a: Begin Untransformation


You were on level 5 of the Dungeon.
You were a hulking beast.
You visited 1 branch of the dungeon, and saw 5 of its levels.

You collected 167 gold pieces.
You spent 44 gold pieces at shops.


Innate Abilities, Weirdness & Mutations

You are a hulking beast.
Your limbs bulge with bestial killing power. (Slay +2)
You cannot wear most types of armour.
You are amphibious.
You can wear up to eight rings at the same time.
Your skin changes colour to match your surroundings (Stealth+).
Your rubbery body absorbs attacks. (AC +1, EV +1)
((You are camouflaged when in or above water. (Stealth+)))
You have tentacles for arms and can constrict up to eight enemies at once.
You are frail. (-10% HP)


   Skills:
 - Level 1.0 Fighting
 + Level 4.3 Dodging
 + Level 4.8 Unarmed Combat
 + Level 4.6 Shapeshifting


You had 5 spell levels left.
You didn't know any spells.
Your spell library contained the following spells:

 Spells                   Type           Power      Damage    Failure   Level
 Blink                    Tloc           0%         N/A       41%         2
 Jinxbite                 Hex            0%         N/A       41%         2
 Lesser Beckoning         Tloc           0%         N/A       41%         2
 Momentum Strike          Conj/Tloc      0%         3d8       41%         2
 Frozen Ramparts          Ice            0%         1d1       65%         3
 Leda's Liquefaction      Alch/Erth      0%         N/A       96%         4
 Petrify                  Alch/Erth      0%         N/A       96%         4
 Metabolic Englaciation   Hex/Ice        0%         N/A       100%        5
 Yara's Violent Unravell  Hex/Alch       0%         3d3       100%        5
 Enfeeble                 Hex            0%         N/A       100%        7

Inventory:

Missiles
 m - a throwing net (quivered)
Jewellery
 d - a ring of resist corrosion (left tentacle)
   (You found it on level 1 of the Dungeon)
Talismans
 b - a beast talisman (active)
 c - a flux talisman
 k - a blade talisman
   (You found it on level 1 of the Dungeon)
Wands
 e - a wand of iceblast (11)
   (You found it on level 4 of the Dungeon)
Scrolls
 a - a scroll of fear
 i - a scroll of teleportation
 j - a scroll of enchant armour {unknown}
Potions
 f - 2 potions of enlightenment
 g - a potion of curing
 h - a potion of degeneration

Dungeon Overview and Level Annotations

Branches:
Dungeon (5/15) Zot: 26424
 Temple: D:4-7

Altars:
Dithmenos
Gozag
Zin

Shops:
D:4 :* D:5

(
.................
#................
................
...............
.............##
..............##
...............###
.#<...hW........
.............##..
............###.#
##..###.....###.#
## #.......##.###
#. ###........#.#
#..###...#...##.#
.....#..........#
................#


You could see a phantom.


Message History

Unknown command.
Done exploring.
Done exploring.
There is a stone staircase leading down here.
You climb downwards.
There is a stone staircase leading up here.
A phantom comes into view.
A phantom is nearby!
A phantom is nearby!
You bludgeon the phantom! Your squeeze misses the phantom.
The phantom misses you.
You tentacle-slap the phantom.
The phantom hits you but does no damage.
Unknown command.
The phantom attacks as it pursues you! The phantom closely misses you.
You barely miss the phantom. The phantom hits you! 😕 HP[-7]
You take 7 damage, and now have 27/34 hp.
MASSIVE DAMAGE!! (PAUSE)
You completely miss the phantom. The phantom barely misses you.
You tentacle-slap the phantom. The phantom barely misses you.
You bludgeon the phantom! You squeeze the phantom!
You destroy the phantom!
No target in view! 😕 HP[+1] Unknown command.
No target in view!
Unknown command.
No target in view!
j - a scroll labelled JOZOINN ROCSUA 😎 HP[+6]
Your hp is fully restored (34).
Found a stone staircase leading down.
Found Caxkel's Antique Weapon Boutique.
Key pressed, stopping explore.
No target in view!
Key pressed, stopping explore.
No target in view!
There is an entrance to Caxkel's Antique Weapon Boutique here.
You now have 123 gold pieces (gained 16).
A phantom comes into view.
A phantom is nearby!
A phantom is nearby!
Found a stone staircase leading up.
A phantom is nearby!
The phantom hits you. 😕 HP[-4]
You take 4 damage, and now have 30/34 hp.
You closely miss the phantom. Your squeeze misses the phantom.
The phantom hits you!
The phantom blinks!
You blink. 😮 HP[-6]
You take 6 damage, and now have 24/34 hp.
The phantom attacks as it pursues you! The phantom misses you.
You are too injured to fight recklessly!
The phantom attacks as it pursues you! The phantom hits you. 😮 HP[-5]
You take 5 damage, and now have 19/34 hp.
You are too injured to fight recklessly!
You are too injured to fight recklessly!
You tentacle-slap the phantom. Your squeeze misses the phantom.
The phantom hits you.
* * * LOW HITPOINT WARNING * * *
😨 HP[-6]
You take 6 damage, and now have 13/34 hp.
You are too injured to fight recklessly!
Unknown command.
You tentacle-slap the phantom but do no damage.
Your tentacle-slap misses the phantom.
The phantom hits you but does no damage. 😨 HP[+1]
You barely miss the phantom. Your squeeze misses the phantom.
The phantom hits you.
* * * LOW HITPOINT WARNING * * *
😨 HP[-4]
You take 4 damage, and now have 10/34 hp.
You are too injured to fight recklessly!
You barely miss the phantom. Your squeeze misses the phantom.
The phantom hits you.
* * * LOW HITPOINT WARNING * * *
😨 HP[-1]
You take 1 damage, and now have 9/34 hp.
Unknown command.
You closely miss the phantom. Your squeeze misses the phantom.
Unknown command.
You tentacle-slap the phantom. The phantom hits you.
* * * LOW HITPOINT WARNING * * *
😱 HP[-1]
You take 1 damage, and now have 8/34 hp.
You tentacle-slap the phantom.
The phantom closely misses you. 😨 HP[+1] Unknown command.
You barely miss the phantom. The phantom barely misses you.
You closely miss the phantom. The phantom hits you!
* * * LOW HITPOINT WARNING * * *
😱 HP[-8]
You take 8 damage, and now have 1/34 hp.
MASSIVE DAMAGE!! (PAUSE)
You tentacle-slap the phantom. The phantom hits you!
You die...

Skill      XL: |  1  2  3  4  5  6 |
---------------+-------------------+-----
Dodging        | 3 4 |  4.3
Unarmed Combat | 4 |  4.8
Shapeshifting  | 4 |  4.6
Fighting       | |  1.0

Action                     |  1- 3 |  4- 6 || total
---------------------------+-------+-------++-------
  Melee: Unarmed           |    64 |    91 ||   155
         Constrict         |    21 |    21 ||    42
         Tentacles         |    12 |    24 ||    36
         Punch             |     1 |     1 ||     2
  Throw: Throwing net      |       |     1 ||     1
    Use: Scroll            |     3 |     4 ||     7
         Potion            |       |     6 ||     6
   Stab: Sleeping          |     6 |     4 ||    10
 Armour: Skin              |    22 |    46 ||    68
  Dodge: Dodged            |    36 |    33 ||    69

Levels and vault maps discovered:
D:1:      minmay_arrival_radiant_lines, layout_basic,
          ebering_ecumenical_altar_abandoned
D:2:      layout_basic, mrwooster_statue_mirror, lemuel_flame_loot_1
D:3:      layout_loops_ring, zin_academy, lemuel_tele_altar,
          mainiacjoe_overflow_paths
D:4:      layout_loops_ring, serial_shops, nicolae_shop_just_a_little_nook,
          nicolae_shop_crystal, st_stairs_14, hangedman_decor_points,
          grunt_ministairs_2, serial_bayou_lagoon_a, hangedman_decor_slide_cut
D:5:      layout_cave_pools, lightli_temple_of_fire, nemelex_dance_club_becter,
          serial_shops, nicolae_shop_advertising_works
          [nicolae_subvault_shop_adworks], nicolae_shop_back_alley_shop,
          nicolae_shop_drivethru, nicolae_shop_pleasant_corner_grove, shop

Notes
Turn   | Place    | Note
-------+----------+-------------------------------------------
     0 | D:1      | ytrimaz the Octopode Shapeshifter began the quest for the
                  | Orb.
     0 | D:1      | Reached XP level 1. HP: 13/13 MP: 1/1
     0 | D:1      | magus.rc [v1.9.6]
    72 | D:1      | Reached XP level 2. HP: 14/18 MP: 2/2
   326 | D:1      | You pick up a book of Spatial Translocations and begin
                  | reading...
   326 | D:1      | You add the spells Blink, Momentum Strike and Lesser
                  | Beckoning to your library.
   331 | D:1      | Found a faded altar of an unknown god.
   530 | D:1      | Reached XP level 3. HP: 16/23 MP: 3/3
   814 | D:2      | You pick up a book of Misfortune and begin reading...
   814 | D:2      | You add the spells Jinxbite, Yara's Violent Unravelling and
                  | Enfeeble to your library.
   942 | D:2      | You fall into a shaft and drop 1 floor!
  1164 | D:3      | Found a shadowy altar of Dithmenos.
  1174 | D:3      | Found an opulent altar of Gozag.
  1180 | D:3      | Reached XP level 4. HP: 28/28 MP: 4/4
  1182 | D:3      | Reached skill level 3 in Dodging
  1383 | D:3      | Found a glowing silver altar of Zin.
  2077 | D:2      | HP: 6/28 [something (22)]
  2323 | D:3      | You pick up a book of Sloth and begin reading...
  2323 | D:3      | You add the spells Frozen Ramparts, Leda's Liquefaction,
                  | Petrify and Metabolic Englaciation to your library.
  2437 | D:4      | Found Votumac's General Store.
  2447 | D:4      | Reached skill level 4 in Unarmed Combat
  2447 | D:4      | Reached XP level 5. HP: 16/33 MP: 5/5
  2553 | D:4      | Bought a scroll of fear for 44 gold pieces
  2763 | D:4      | Found Upsasch's Book Shop.
  2777 | D:4      | Reached skill level 4 in Shapeshifting
  2959 | D:4      | Noticed a phantom
  2972 | D:4      | Gained mutation: You are frail. (-10% HP) [potion of
                  | mutation]
  2980 | D:4      | Killed a phantom
  2981 | D:4      | Reached XP level 6. HP: 21/34 MP: 6/6
  3126 | D:4      | Reached skill level 4 in Dodging
  3487 | D:5      | Entered Level 5 of the Dungeon
  3561 | D:5      | Found Caxkel's Antique Weapon Boutique.
  3603 | D:5      | HP: 8/34 [phantom (1)]
  3606 | D:5      | HP: 1/34 [phantom (8)]
  3607 | D:5      | Mangled by a phantom

Vanquished Creatures
  2 phantoms
  A bombardier beetle (D:4)
  A hound (D:4)
  A jelly (D:4)
  An iguana (D:4)
  3 adders
  3 dart slugs
  4 ribbon worms
  11 orcs
  5 endoplasms
  5 giant cockroaches
  4 goblins
  8 hobgoblins
  3 kobolds
  5 quokkas
  3 ball pythons
  4 bats
  3 frilled lizards
  3 rats
70 creatures vanquished.

Table legend:
 A = Non-vault XP
 B = Vault XP
 C = Vault XP percentage of total XP
 D = Non-vault monster count
 E = Vault monster count
 F = Vault count percentage of total count
                 A         B        C        D         E       F
            +---------+---------+-------+---------+---------+-------
      Total |     550 |       6 |   1.1 |      67 |       3 |   4.3
            +---------+---------+-------+---------+---------+-------
        D:1 |      34 |       0 |   0.0 |      18 |       0 |   0.0
        D:2 |      50 |       0 |   0.0 |      13 |       0 |   0.0
        D:3 |      46 |       0 |   0.0 |      18 |       0 |   0.0
        D:4 |     317 |       6 |   1.9 |      17 |       3 |  15.0
        D:5 |     103 |       0 |   0.0 |       1 |       0 |   0.0
            +---------+---------+-------+---------+---------+-------

Skill      XL: |  1  2  3  4  5  6 |
---------------+-------------------+-----
Dodging        | 3 4 |  4.3
Unarmed Combat | 4 |  4.8
Shapeshifting  | 4 |  4.6
Fighting       | |  1.0

Action                     |  1- 3 |  4- 6 || total
---------------------------+-------+-------++-------
  Melee: Unarmed           |    64 |    91 ||   155
         Constrict         |    21 |    21 ||    42
         Tentacles         |    12 |    24 ||    36
         Punch             |     1 |     1 ||     2
  Throw: Throwing net      |       |     1 ||     1
    Use: Scroll            |     3 |     4 ||     7
         Potion            |       |     6 ||     6
   Stab: Sleeping          |     6 |     4 ||    10
 Armour: Skin              |    22 |    46 ||    68
  Dodge: Dodged            |    36 |    33 ||    69

Illustrated notes

Table legend:
 A = Kills in this place as a percentage of kills in the entire game.
 B = Kills by you in this place as a percentage of kills by you in the entire game.
 C = Kills by friends in this place as a percentage of kills by friends in the entire game.
 D = Other kills in this place as a percentage of other kills in the entire game.
 E = Experience gained in this place as a percentage of experience gained in the entire game.
 F = Experience gained in this place divided by the number of levels of this place that you have seen.
                   A       B       C       D       E      F
               +-------+-------+-------+-------+-------+----------------------
         Total | 100.0 | 100.0 |   N/A |   N/A | 100.0 | 111.2
       Dungeon | 100.0 | 100.0 |   N/A |   N/A | 100.0 | 111.2
               +-------+-------+-------+-------+-------+----------------------

Table legend: (Time is in decaauts)
 A = Elapsed time spent in this place.
 B = Non-inter-level travel time spent in this place.
 C = Inter-level travel time spent in this place.
 D = Time resting spent in this place.
 E = Time spent auto-exploring this place.
 F = Levels seen in this place.
 G = Mean time per level.
                   A        B        C        D        E       F      G
               +--------+--------+--------+--------+--------+-----+--------+
         Total |   3575 |   3453 |    122 |     86 |   2810 |   5 |  715.0 |
       Dungeon |   3575 |   3453 |    122 |     86 |   2810 |   5 |  715.0 |
               +--------+--------+--------+--------+--------+-----+--------+

Top non-repeatable levels by time:
     D:4: 1027 daAuts
     D:2: 899 daAuts
     D:3: 786 daAuts
     D:1: 743 daAuts
     D:5: 118 daAuts
